 Dungeon Crawl Stone Soup version 0.32-a0-928-g1cae6b7ea0 (webtiles) character file.

Game seed: 14763559003989143322

60634 bananaken the Warrior (level 15, -2/104 HPs)
             Began as a Gargoyle Earth Elementalist on Apr 12, 2024.
             Was a High Priest of Vehumet.
             Slain by a very large slime creature (55 damage)
             ... on level 13 of the Dungeon.
             The game lasted 01:31:12 (19690 turns).

bananaken the Warrior (GrEE)                       Turns: 19690, Time: 01:31:12

Health: -2/104     AC: 21    Str: 21    XL:     15   Next: 0%
Magic:  22/29      EV: 15    Int: 34    God:    Vehumet [*****.]
Gold:   1387       SH: 11    Dex: 16    Spells: 4/21 levels left

rFire   + . .        G - +7 rapier of Saitigai {flame, rElec rC+ Will++ Stlth+}
rCold   + + .        D - +6 buckler of Darkness {Fly Dex+3}
rNeg    + + .        d - +2 robe {rC+ rF+}
rPois   ∞            f - +0 helmet
rElec   +            c - scarf of the Morning Star {repulsion, Regen+ Dex+3}
rCorr   .            a - +1 Delatra's gloves {ID++}
SInv    .            k - +2 pair of boots {Fly}
Will    +++..        (no amulet)
Stlth   +++          Y - ring "Acsiuce" {rN+ MP+9 Str+8 Int+6}
HPRegen 1.17/turn    H - +6 ring of intelligence
MPRegen 0.21/turn

%: repel missiles
@: flying
A: sickness immunity, AC +11, big wings, negative energy resistance 1,
electricity resistance, torment resistance 1, petrification resistance
a: Renounce Religion


You were on level 13 of the Dungeon.
You worshipped Vehumet.
Vehumet was extremely pleased with you.
You visited 3 branches of the dungeon, and saw 19 of its levels.
You also visited: Gauntlet and Ice Cave.

You collected 1387 gold pieces.

Inventory:

Hand Weapons
 h - a +0 spectral quarterstaff
 G - the +7 rapier of Saitigai (weapon) {flame, rElec rC+ Will++ Stlth+}
   (You took it off an orc priest on level 8 of the Dungeon)

   rC+:       It protects you from cold.
   rElec:     It insulates you from electricity.
   Will++:    It greatly increases your willpower.
   Stlth+:    It makes you more stealthy.
Missiles
 n - 9 curare-tipped darts (quivered)
 r - a throwing net
Armour
 a - the +1 Delatra's gloves (worn) {ID++}
   (You found it on level 5 of the Dungeon)

   ID++:      It heals its wearer when they drink unknown potions, and restores
   their MP when they read unknown scrolls.
 c - the scarf of the Morning Star (worn) {repulsion, Regen+ Dex+3}
   (You acquired it on level 4 of the Dungeon)

   Dex+3:     It affects your dexterity (+3).
   Regen+:    It increases your rate of health regeneration.
 d - a +2 robe of resistance (worn)
 f - a +0 helmet (worn)
 k - a +2 pair of boots of flying (worn)
 D - the +6 buckler of Darkness (worn) {Fly Dex+3}
   (You took it off a gnoll sergeant on level 6 of the Dungeon)

   Dex+3:     It affects your dexterity (+3).
   Fly:       It grants you flight.
 T - an orb of energy
 W - a +2 cloak of stealth
Magical Staves
 x - a staff of earth
Jewellery
 i - a ring of wizardry
 A - a +6 ring of dexterity
 C - a ring of resist corrosion
 H - a +6 ring of intelligence (right hand)
 V - a ring of protection from fire
 Y - the ring "Acsiuce" (left hand) {rN+ MP+9 Str+8 Int+6}
   (You found it in a Gauntlet)

   [ring of intelligence]

   Str+8:     It affects your strength (+8).
   Int+6:     It affects your intelligence (+6).
   rN+:       It protects you from negative energy.
   MP+9:      It affects your magic capacity (+9).
 Z - a +6 ring of dexterity
Wands
 w - a wand of roots (10)
 B - a wand of mindburst (5)
 E - a wand of flame (24)
 J - a wand of paralysis (2)
 U - a wand of acid (4)
Scrolls
 e - a scroll of poison
 g - 16 scrolls of identify
 l - 2 scrolls of immolation
 s - a scroll of enchant weapon
 u - a scroll of noise
 v - 6 scrolls of teleportation
 y - a scroll of torment {unknown}
 I - 2 scrolls of vulnerability
 M - 2 scrolls of blinking
 N - 3 scrolls of silence
 P - a scroll of fear
 R - 2 scrolls of enchant armour {unknown}
 X - a scroll of fog {unknown}
Potions
 b - 3 potions of magic
 j - 2 potions of heal wounds {unknown}
 o - 13 potions of curing
 p - 2 potions of degeneration
 q - 2 potions of lignification {unknown}
 t - 2 potions of attraction
 z - 3 potions of might
 F - a potion of berserk rage
 K - 3 potions of enlightenment {unknown}
 L - 2 potions of haste
 O - 2 potions of ambrosia
 S - a potion of mutation {unknown}
Miscellaneous
 Q - a tin of tremorstones (inert)


   Skills:
 + Level 15.8 Fighting
 + Level 3.1(8.1) Short Blades
 * Level 11.7(11.9) Long Blades
 - Level 4.7(5.5) Maces & Flails
 - Level 4.1(5.2) Staves
 - Level 1.0 Armour
 + Level 8.2 Dodging
 - Level 2.1 Stealth
 - Level 4.0 Shields
 - Level 3.5 Spellcasting
 + Level 7.5 Conjurations
 + Level 8.9 Fire Magic
 - Level 9.1 Earth Magic
 - Level 5.0 Alchemy
 - Level 3.7 Evocations


You had 4 spell levels left.
You knew the following spells:

 Your Spells              Type           Power      Damage    Failure   Level
a - Sandblast             Erth           100%       2d20      1%          1
b - Stone Arrow           Conj/Erth      100%       3d13      1%          3
c - Brom's Barrelling Bo  Conj/Erth      58%        2d7       1%          4
d - Sticky Flame          Fire/Alch      52%        2d9       1%          4
e - Fireball              Conj/Fire      29%        3d13      1%          5

Your spell library contained the following spells:

 Spells                   Type           Power      Damage    Failure   Level
 Freeze                   Ice            20%        1d4       1%          1
 Magic Dart               Conj           100%       1d8       1%          1
 Searing Ray              Conj           100%       2d8       1%          2
 Hailstorm                Conj/Ice       31%        3d8       1%          3
 Inner Flame              Hex/Fire       36%        N/A       1%          3
 Passwall                 Erth           62%        N/A       1%          3
 Flame Wave               Conj/Fire      58%        2d14      1%          4
 Fulminant Prism          Conj/Alch      24%        3d12      1%          4
 Petrify                  Alch/Erth      52%        N/A       3%          4
 Frozen Ramparts          Ice            10%        1d2       5%          3
 Call Canine Familiar     Summ           5%         N/A       19%         3
 Sigil of Binding         Hex            5%         N/A       19%         3
 Summon Ice Beast         Ice/Summ       5%         N/A       19%         3
 Teleport Other           Tloc           5%         N/A       19%         3
 Dimensional Bullseye     Hex/Tloc       2%         N/A       54%         4
 Irradiate                Conj/Alch      24%        3d19      3%          5
 Alistair's Intoxication  Alch           26%        N/A       22%         5
 Borgnjor's Vile Clutch   Necr/Erth      18%        N/A       26%         5
 Eringya's Noxious Bog    Alch           19%        4d6       30%         6
 Permafrost Eruption      Ice/Erth       18%        2x4d5     36%         6
 Metabolic Englaciation   Hex/Ice        2%         N/A       87%         5
 Ignition                 Fire           30%        3d10      92%         8
 Sculpt Simulacrum        Ice/Alch       11%        N/A       98%         6
 Dispersal                Tloc           2%         N/A       100%        6
 Gell's Gavotte           Tloc           2%         2d(12-18) 100%        6
 Chain Lightning          Conj/Air       15%        3d20      100%        9
 Fire Storm               Conj/Fire      29%        8d7       100%        9
 Shatter                  Erth           31%        3d25*     100%        9


Dungeon Overview and Level Annotations

Branches:
Dungeon (13/15)            Temple (1/1) D:6            Lair (5/5) D:8
 Shoals (0/4) Lair:2        Snake (0/4) Lair:3          Orc (0/2) D:11
  IceCv (visited)         Gauntlet (visited)
  Slime: Lair:4-5    Vaults: D:13-14

Altars:
Ashenzari
Cheibriados
Dithmenos
Elyvilon
Fedhas
Gozag
Hepliaklqana
Kikubaaqudgha
Makhleb
Nemelex Xobeh
Okawaru
Qazlal
Ru
Sif Muna
Trog
Uskayaw
Vehumet
Wu Jian
Xom
Yredelemnul
Zin
The Shining One

Shops:
D:4 *   D:7 [   D:9 (


Innate Abilities, Weirdness & Mutations

You are immune to sickness and miasma.
Your stone body is resilient. (AC +11)
You are immune to poison.
Your large and strong wings let you fly.
You resist negative energy. (rN+)
You are resistant to electric shocks. (rElec)
You are resistant to unholy torment.
You are immune to petrification.


Message History

There are monsters nearby!
Casting: Stone Arrow (safe; 1% risk of failure)
Confirm with . or Enter, or press ? or * to list all spells.
Aiming: Sticky Flame (mildly dangerous; 1% risk of failure)
Press: ? - help, Shift-Dir - straight line, f - slime creature
Aim: a slime creature The sticky flame hits the slime creature!
The slime creature is moderately wounded.
The slime creature quivers. x2
The slime creature burns!
You block the slime creature's attack.
You hit the slime creature. You burn the slime creature.
The slime creature is moderately wounded.
The slime creature burns!
You block the slime creature's attack.
You puncture the slime creature! You burn the slime creature.
The slime creature is severely wounded.
The slime creature burns!
The slime creature hits you!
The slime creature jiggles.
Two slime creatures merge to form a large slime creature.
Unknown command.
You puncture the large slime creature! You burn the large slime creature.
The large slime creature is heavily wounded.
The large slime creature burns!
Two slime creatures merge to form a very large slime creature.
Unknown command.
You hit the very large slime creature. You burn the very large slime creature.
The very large slime creature is heavily wounded.
The very large slime creature burns!
The very large slime creature stops burning.
The very large slime creature hits you!!!
Casting: Sticky Flame (mildly dangerous; 1% risk of failure)
Confirm with . or Enter, or press ? or * to list all spells.
Aiming: Sticky Flame (mildly dangerous; 1% risk of failure)
Press: ? - help, Shift-Dir - straight line, f/p - very large slime creature
Aim: a very large slime creature (heavily wounded)
The sticky flame hits the very large slime creature!
The very large slime creature is heavily wounded.
The very large slime creature burns!
The very large slime creature hits you!!!
Ouch! That really hurt!
You die...

#.#.##......####
#.........
#..............##
##########
#.#.##.##.#.....##
##.#.......#..###.#
...#..........# #.#
...#.##.##.#..###.#
#................##
##.#.)........#.###
##.####.#######.@$#
##.# .... ###J#
##.# ....# #.# ...#
... ..# #### ..#
#..# #..# ...# #.##
### ..


You could see a very large slime creature (burning).

Vanquished Creatures
  A minotaur (Gauntlet)
  Snorg (D:10)
  3 catoblepae
  4 hydras
  6 two-headed ogres
  3 centaur warriors (D:13)
  3 death yaks (Lair:2)
  3 boulder beetles
  Urug (Lair:1)
  3 sixfirhies (Gauntlet)
  A skyshark (Lair:4)
  The ghost of pigah the Poker, a novice CoGl (D:6)
  2 large abominations (Gauntlet)
  A bog body (IceCv)
  Pikel (D:4)
  An ugly thing (D:11)
  A deep elf pyromancer (D:13)
  An oklob plant (Lair:1)
  A necromancer (IceCv)
  A salamander (Lair:3)
  5 manticores
  4 black mambas
  2 ice statues (IceCv)
  14 elephants
  2 gargoyles
  6 komodo dragons
  A rime drake (Lair:4)
  6 cane toads
  Maggie (D:9)
  An unseen horror (D:12)
  7 ice devils (IceCv)
  2 merfolk (Lair:2)
  4 trolls
  3 anaconda simulacra (IceCv)
  A polar bear (Lair:2)
  Prince Ribbit (D:7)
  3 blink frogs (Lair:4)
  6 slime creatures
  A vampire (D:13)
  2 shadows
  3 dire elephant simulacra (IceCv)
  5 wyverns
  3 wraiths
  55 yaks
  5 basilisks
  Eustachio (D:4)
  3 steam dragons
  9 vampire mosquitoes
  2 harpy simulacra (IceCv)
  2 acid dragons
  5 water moccasins
  2 hell hounds (Lair:4)
  2 hydra simulacra (IceCv)
  A sky beast (D:7)
  9 orc warriors
  3 ice beasts
  2 black bears (D:4)
  8 centaurs
  3 lemures (D:4)
  7 kobold brigands
  4 gnoll sergeants
  2 scorpions
  10 bullfrogs
  A cane toad simulacrum (IceCv)
  6 small abominations (Gauntlet)
  9 wights
  5 killer bees (D:9)
  An elephant simulacrum (IceCv)
  2 electric eels
  A howler monkey (D:9)
  3 lava snakes (Lair:3)
  Crazy Yiuf (D:3)
  4 bombardier beetles
  10 jellies
  6 orc priests
  2 gnoll boudas
  6 hounds
  2 iguanas
  15 orc wizards
  A troll simulacrum (IceCv)
  20 gnolls
  5 adders
  2 naga simulacra (IceCv)
  A shadow imp (D:7)
  A white imp (D:5)
  2 ufetubi (D:5)
  2 ribbon worms
  47 orcs
  22 endoplasms
  2 giant cockroaches
  7 goblins
  8 hobgoblins
  9 jackals (D:1)
  5 quokkas
  11 ball pythons
  8 bats
  3 frilled lizards
  43 kobolds
  6 rats
536 creatures vanquished.

Vanquished Creatures (collateral kills)
  An orc (D:5)
1 creature vanquished.

Vanquished Creatures (others)
  A yak (D:12)
  A centaur (D:13)
2 creatures vanquished.

Grand Total: 539 creatures vanquished

Notes
Turn   | Place    | Note
-------+----------+-------------------------------------------
     0 | D:1      | bananaken the Gargoyle Earth Elementalist began the quest
                  | for the Orb.
     0 | D:1      | Reached XP level 1. HP: 10/10 MP: 3/3
   187 | D:1      | Reached XP level 2. HP: 16/16 MP: 3/5
   211 | D:1      | Reached skill level 1 in Fighting
   300 | D:1      | Reached XP level 3. HP: 20/20 MP: 0/6
   561 | D:1      | Learned a level 3 spell: Stone Arrow
  1090 | D:2      | Reached XP level 4. HP: 26/26 MP: 7/7
  1564 | D:3      | Found a shimmering blue altar of Sif Muna.
  1640 | D:2      | HP: 1/26 [gnoll/+0 whip (8)]
  1645 | D:2      | Reached skill level 2 in Fighting
  1869 | D:3      | Reached XP level 5. HP: 30/30 MP: 7/9
  1871 | D:3      | Reached skill level 1 in Maces & Flails
  1969 | D:3      | Found a faded altar of an unknown god.
  2221 | D:3      | Found a runed translucent door.
  2222 | D:3      | Noticed Crazy Yiuf
  2444 | D:3      | Killed Crazy Yiuf
  2448 | D:3      | Identified the +0 hammer "Qunacog" {drain, rC+ rN+ MP-9
                  | Dex+4}
  2604 | D:4      | Noticed a black bear
  2615 | D:4      | Killed a black bear
  2616 | D:4      | Reached skill level 5 in Earth Magic
  2616 | D:4      | Reached XP level 6. HP: 34/36 MP: 2/10
  2772 | D:4      | Reached skill level 3 in Fighting
  2879 | D:4      | Found Zin's Purification Station.
  2880 | D:4      | Noticed Pikel
  2888 | D:4      | Identified a scroll of acquirement
  2888 | D:4      | Acquired the scarf of the Morning Star {repulsion, Regen+
                  | Dex+3}
  2990 | D:4      | Reached XP level 7. HP: 22/41 MP: 10/12
  3131 | D:4      | Found an ancient bone altar of Kikubaaqudgha.
  3175 | D:4      | Found a glowing silver altar of Zin.
  3322 | D:4      | Noticed Eustachio
  3342 | D:4      | Killed Eustachio
  3370 | D:4      | Found a shimmering altar of Xom.
  3599 | D:4      | Reached skill level 4 in Fighting
  3782 | D:4      | Killed Pikel
  3783 | D:4      | Reached skill level 5 in Fighting
  3783 | D:4      | Reached skill level 5 in Conjurations
  3783 | D:4      | Reached XP level 8. HP: 41/49 MP: 8/13
  3848 | D:5      | Entered Level 5 of the Dungeon
  3993 | D:5      | Learned a level 4 spell: Brom's Barrelling Boulder
  4227 | D:5      | Found the +1 Delatra's gloves {ID++}
  4497 | D:5      | Reached XP level 9. HP: 54/54 MP: 10/14
  4768 | D:6      | Found a staircase to the Ecumenical Temple.
  4775 | Temple   | Entered the Ecumenical Temple
  4783 | D:6      | Found a transporter.
  4953 | D:6      | Identified the +6 buckler of Darkness {Fly Dex+3}
  4961 | D:6      | Found a transporter.
  4971 | D:6      | Noticed pigah's ghost (novice CoGl)
  5009 | D:6      | Reached skill level 1 in Staves
  5020 | D:6      | Reached skill level 1 in Evocations
  5172 | D:6      | Found a snail-covered altar of Cheibriados.
  5303 | D:6      | Reached skill level 6 in Fighting
  6169 | D:6      | Killed pigah's ghost
  6326 | D:7      | Noticed Prince Ribbit
  6332 | D:7      | Killed Prince Ribbit
  6333 | D:7      | Reached XP level 10. HP: 61/61 MP: 11/15
  6383 | D:7      | Reached skill level 7 in Fighting
  6429 | D:7      | Reached skill level 1 in Armour
  6429 | D:7      | Reached skill level 1 in Shields
  6991 | D:7      | Found Hoath's Antique Armour Shoppe.
  7337 | D:7      | You are sucked into a shaft and drop 3 floors!
  7337 | D:10     | Entered Level 10 of the Dungeon
  7348 | D:10     | Found a stormy altar of Qazlal.
  7853 | D:8      | Reached skill level 8 in Fighting
  7911 | D:8      | Found a radiant altar of Vehumet.
  8024 | D:8      | Identified the +7 rapier of Saitigai {flame, rElec rC+
                  | Will++ Stlth+}
  8140 | D:8      | Became a worshipper of Vehumet
  8168 | D:8      | Found a staircase to the Lair.
  8324 | D:8      | Found a broken altar of Ashenzari.
  8437 | D:8      | Learned a level 4 spell: Sticky Flame
  8595 | D:9      | Found Vufat's Weapon Shop.
  8661 | D:9      | Noticed Maggie
  8674 | D:9      | Killed Maggie
  8675 | D:9      | Reached skill level 1 in Long Blades
  8747 | D:9      | Reached skill level 1 in Fire Magic
  8853 | D:9      | Found a bloodstained altar of Trog.
  9075 | D:9      | Reached skill level 1 in Alchemy
  9588 | Lair:1   | Entered Level 1 of the Lair of Beasts
  9597 | Lair:1   | Reached skill level 9 in Fighting
  9597 | Lair:1   | Reached XP level 11. HP: 71/71 MP: 13/16
  9667 | Lair:1   | Noticed an oklob plant
  9737 | Lair:1   | Reached * piety under Vehumet
  9737 | Lair:1   | Offered knowledge of Freeze by Vehumet.
  9805 | Lair:1   | Found a frozen archway.
  9807 | Lair:1   | Noticed Urug
  9815 | Lair:1   | Killed Urug
  9821 | IceCv    | Entered an ice cave
  9987 | IceCv    | Reached skill level 10 in Fighting
 10375 | IceCv    | Reached skill level 5 in Long Blades
 10515 | IceCv    | Noticed a necromancer
 10515 | IceCv    | Noticed a bog body
 10521 | IceCv    | Killed a bog body
 10522 | IceCv    | Reached XP level 12. HP: 79/79 MP: 17/17
 10525 | IceCv    | Reached ** piety under Vehumet
 10525 | IceCv    | Offered knowledge of Static Discharge by Vehumet.
 10526 | IceCv    | Reached skill level 11 in Fighting
 10543 | IceCv    | Got the Guidebook on Firn
 10775 | Lair:1   | Noticed a boulder beetle
 10787 | Lair:1   | Killed a boulder beetle
 10788 | Lair:1   | Reached skill level 5 in Dodging
 11326 | Lair:1   | Reached skill level 5 in Fire Magic
 11359 | Lair:1   | Noticed a catoblepas
 11611 | Lair:1   | Killed a catoblepas
 11884 | Lair:1   | Reached skill level 12 in Fighting
 12121 | Lair:2   | Offered knowledge of Volatile Blastmotes by Vehumet.
 12276 | Lair:2   | Noticed a five-headed hydra
 12286 | Lair:2   | Killed a five-headed hydra
 12750 | Lair:2   | Reached *** piety under Vehumet
 12854 | Lair:2   | Reached XP level 13. HP: 76/87 MP: 12/18
 12907 | Lair:2   | Found a staircase to the Shoals.
 13118 | Lair:3   | Reached skill level 5 in Alchemy
 13122 | Lair:3   | Offered knowledge of Mephitic Cloud by Vehumet.
 13188 | Lair:3   | Found a staircase to the Snake Pit.
 13209 | Lair:3   | Reached skill level 13 in Fighting
 13700 | Lair:3   | You are sucked into a shaft and drop 1 floor!
 14118 | Lair:4   | Reached **** piety under Vehumet
 14307 | Lair:4   | Offered knowledge of Dazzling Flash by Vehumet.
 14373 | Lair:4   | Reached skill level 14 in Fighting
 15290 | Lair:5   | Entered Level 5 of the Lair of Beasts
 15566 | D:10     | Reached skill level 10 in Long Blades
 15566 | D:10     | Gained mutation: Your large and strong wings let you fly.
                  | [Gargoyle growth]
 15566 | D:10     | Reached XP level 14. HP: 96/96 MP: 19/19
 15822 | D:10     | Noticed Snorg
 15841 | D:10     | Killed Snorg
 16461 | D:11     | Found a staircase to the Orcish Mines.
 16612 | D:11     | Reached skill level 15 in Fighting
 17111 | D:11     | Reached ***** piety under Vehumet
 17152 | D:12     | Offered knowledge of Fireball by Vehumet.
 17159 | D:12     | Learned a level 5 spell: Fireball
 17650 | D:12     | Reached skill level 1 in Short Blades
 18852 | D:13     | Found a gate leading to a gauntlet.
 18857 | Gauntlet | Entered a Gauntlet
 18857 | Gauntlet | Found a transporter.
 18857 | Gauntlet | Found a transporter.
 18857 | Gauntlet | Found a transporter.
 18876 | Gauntlet | Found a transporter.
 18876 | Gauntlet | Found a transporter.
 19002 | Gauntlet | Found a transporter.
 19002 | Gauntlet | Found a transporter.
 19026 | Gauntlet | Found a transporter.
 19066 | Gauntlet | Identified the ring "Acsiuce" {rN+ MP+9 Str+8 Int+6}
 19083 | Gauntlet | Found a transporter.
 19517 | D:13     | Reached XP level 15. HP: 104/104 MP: 20/20
 19690 | D:13     | Slain by a very large slime creature

Illustrated notes

Levels and vault maps discovered:
D:1:      spicycebolla_green_bress_n_ham_2, layout_basic,
          chequers_serial_rivers_marsh, minmay_ruptured
D:2:      layout_basic
D:3:      layout_loops_cross, lemuel_doored_altar,
          shapermc_ecumenical_altar_pompeii, uniq_crazy_yiuf_cottage
D:4:      layout_gridville, zin_purify, general_overflow_altar,
          nicolae_kikubaaqudgha_miasma_corner, grunt_decor_arrowhead,
          uniq_pikel, uniq_eustachio
D:5:      layout_basic, st_stairs_14, pf_guarded_unrand_delatra
D:6:      layout_loops_ring, chei_slow_surprise, minmay_temple_entry_mini_moons,
          serial_glass, glass_columns_a, glass_columns_a,
          gammafunk_ghost_gnarly_gnolls, mrwooster_statue_mirror
D:7:      layout_basic, serial_shops, nicolae_shop_tiny_glass,
          nicolae_lava_and_water, minmay_misc_feat_doors, uniq_prince_ribbit1
D:8:      kennysheep_steamy, layout_basic, nicolae_ashenzari_panopticon,
          lemuel_tele_altar, dpeg_oklobed_lair
D:9:      layout_grid_maze, mainiacjoe_overflow_alcove_1, serial_shops, shop,
          hangedman_abyss_or_decor_clamps, uniq_maggie
D:10:     layout_rooms, grunt_qazlal_sundering, st_stairs_7,
          minmay_tree_intersection, minivault_10, uniq_snorg
D:11:     lemuel_slime, layout_cross, david_orc_1_choice,
          chequers_serial_rivers_room_b
D:12:     layout_loops_ring
D:13:     layout_loops_cross, gauntlet_entry_generic
Temple:   nicolae_temple_god_jail
Lair:1:   layout_loops_ring, portal_ice_cave_entry_pillars_2,
          minmay_lair_oklob_bushes, nzn_sisyphean_effort, uniq_urug
Lair:2:   layout_regular_city, elwin_shoals_entry_rooms,
          grunt_forest_large_clearings
Lair:3:   layout_cave_pods, nicolae_snake_entry_warm_welcome, uniq_kirke
Lair:4:   nzn_motion_control, layout_layer_cave, enter_volcano_3,
          dreamdust_gnoll_shepherd
Lair:5:   cheibrodos_lair_end_hotspot, layout_regular_city,
          dpeg_slime_entry_corner, disabler_island

Skill      XL: |  1  2  3  4  5  6  7  8  9 10 11 12 13 14 |
---------------+-------------------------------------------+-----
Fighting       | 1 2 3 5 6 9 10 12 14 15 | 15.8
Earth Magic    | 4 5 6 7 8 9 |  9.1
Conjurations   | 2 3 5 7 |  7.5
Maces & Flails | 1 2 4 |  4.7
Spellcasting   | 3 |  3.5
Staves         | 3 4 |  4.1
Evocations     | 2 3 |  3.7
Armour         | 1 |  1.0
Shields        | 3 4 |  4.0
Dodging        | 3 4 5 7 8 |  8.2
Long Blades    | 1 5 7 10 11 | 11.7
Fire Magic     | 1 4 5 7 8 |  8.9
Alchemy        | 1 3 4 5 |  5.0
Short Blades   | 3 |  3.1
Stealth        | |  2.1

Action                     |  1- 3 |  4- 6 |  7- 9 | 10-12 | 13-15 || total
---------------------------+-------+-------+-------+-------+-------++-------
  Melee: Unarmed           |    19 |       |       |       |       ||    19
         Punch             |     2 |       |       |       |       ||     2
         Dagger            |    66 |    11 |       |       |       ||    77
         Short sword       |     5 |       |       |       |       ||     5
         Whip              |       |    96 |   124 |       |       ||   220
         Staff             |       |       |    55 |   179 |       ||   234
         Rapier            |       |       |       |   409 |   537 ||   946
  Throw: Dart              |       |     2 |     4 |     3 |     3 ||    12
   Cast: Sandblast         |    30 |    35 |    32 |    11 |     2 ||   110
         Stone Arrow       |       |     5 |    32 |    58 |    33 ||   128
         Brom's Barrelling |       |       |    13 |    18 |    31 ||    62
         Sticky Flame      |       |       |       |    34 |   112 ||   146
         Fireball          |       |       |       |       |     8 ||     8
  Evoke: Wand              |       |       |    20 |    20 |     3 ||    43
         Tin of tremorston |       |       |       |       |     3 ||     3
    Use: Potion            |     1 |     3 |     1 |     5 |       ||    10
         Scroll            |       |     2 |     2 |     7 |     7 ||    18
   Stab: Sleeping          |     2 |     3 |     1 |     6 |    10 ||    22
         Paralysed         |       |       |       |    13 |       ||    13
         Petrified         |       |       |       |     2 |       ||     2
         Distracted        |       |       |       |     1 |       ||     1
 Armour: Robe              |    87 |    93 |   152 |   248 |   396 ||   976
         Acid dragon scale |       |       |       |   191 |       ||   191
  Dodge: Dodged            |    72 |    79 |   142 |   234 |   374 ||   901
         Repelled          |       |       |     3 |    15 |    26 ||    44
  Block: Buckler           |       |       |     6 |   337 |   391 ||   734

Table legend: (Time is in decaauts)
 A = Elapsed time spent in this place.
 B = Non-inter-level travel time spent in this place.
 C = Inter-level travel time spent in this place.
 D = Time resting spent in this place.
 E = Time spent auto-exploring this place.
 F = Levels seen in this place.
 G = Mean time per level.
                   A        B        C        D        E       F      G
               +--------+--------+--------+--------+--------+-----+--------+
         Total |  19753 |  18906 |    847 |   3455 |   9475 |  21 |  940.6 |
       Dungeon |  13530 |  12823 |    707 |   2110 |   7279 |  13 | 1040.8 |
        Temple |      1 |      1 |      0 |      0 |      0 |   1 |    1.0 |
          Lair |   4948 |   4808 |    140 |    943 |   2126 |   5 |  989.6 |
      Ice Cave |    841 |    841 |      0 |    325 |     29 |   1 |  841.0 |
      Gauntlet |    431 |    431 |      0 |     77 |     41 |   1 |  431.0 |
               +--------+--------+--------+--------+--------+-----+--------+

Top non-repeatable levels by time:
  Lair:4: 1615 daAuts
  Lair:1: 1596 daAuts
     D:6: 1488 daAuts
    D:12: 1432 daAuts
     D:4: 1302 daAuts
     D:8: 1285 daAuts
  Lair:2: 1222 daAuts
     D:3: 1189 daAuts
     D:7: 1105 daAuts
     D:9: 1017 daAuts
    D:10: 877 daAuts
    D:11: 864 daAuts
   IceCv: 841 daAuts
     D:1: 822 daAuts
     D:5: 798 daAuts
